 Dungeon Crawl Stone Soup version 0.27.1 (webtiles) character file.

Game seed: 11811495594827231500

371 H0rd4k the Caller (level 6, -1/42 HPs)
             Began as a Barachi Summoner on Aug 24, 2021.
             Killed from afar by Pikel (17 damage)
             ... with an iceblast
             ... on level 5 of the Dungeon on Aug 25, 2021.
             The game lasted 00:13:18 (5549 turns).

H0rd4k the Caller (Barachi Summoner)                Turns: 5549, Time: 00:13:19

Health: -1/42      AC:  6    Str:  9    XL:     6   Next: 71%
Magic:  0/13       EV: 11    Int: 18    God:
Gold:   142        SH:  0    Dex: 12    Spells: 5/14 levels left

rFire    . . .     SeeInvis +   (no weapon)
rCold    . . .     Faith    .   (no shield)
rNeg     . . .     Spirit   +   c - +3 leather armour
rPois    .         Reflect  .   (no helmet)
rElec    .         Harm     .   (no cloak)
rCorr    .         Rampage  .   (no gloves)
Will     .....                  (no boots)
Stlth    ++........             n - amulet of guardian spirit
HPRegen  0.14/turn              b - ring of see invisible
MPRegen  0.13/turn              (no ring)

@: unable to hop, slow
A: amphibious, slowness 1, strong legs 1, +LOS
a: Hop


You were on level 5 of the Dungeon.
You visited 1 branch of the dungeon, and saw 5 of its levels.
You also visited: Ossuary.

You collected 142 gold pieces.

Inventory:

Hand Weapons
 o - a +2 falchion of holy wrath
Missiles
 e - 9 poisoned darts
Armour
 a - a +0 robe
 c - a +3 leather armour (worn)
Magical Staves
 i - a staff of conjuration
Jewellery
 b - a ring of see invisible (left hand)
 n - an amulet of guardian spirit (around neck)
Wands
 l - a wand of flame (32)
Scrolls
 g - 2 scrolls of fear {unknown}
 j - a scroll of amnesia {unknown}
 m - a scroll of holy word {unknown}
 p - a scroll of teleportation {unknown}
 q - 2 scrolls of enchant armour {unknown}
 s - 2 scrolls of immolation
Potions
 f - 2 potions of might
 k - a potion of brilliance
 r - a potion of heal wounds


   Skills:
 + Level 0.6 Fighting
 + Level 2.3 Dodging
 - Level 1.7 Stealth
 * Level 4.7 Spellcasting
 * Level 7.3 Summonings
 * Level 1.5 Translocations


You had 5 spell levels left.
You knew the following spells:

 Your Spells              Type           Power      Damage    Failure   Level
a - Summon Small Mammal   Summ           100%       N/A       1%          1
b - Call Canine Familiar  Summ           30%        N/A       2%          3
c - Summon Forest         Summ/Tloc      10%        N/A       65%         5

Your spell library contained the following spells:

 Spells                   Type           Power      Damage    Failure   Level
 Call Imp                 Summ           30%        N/A       1%          2
 Apportation              Tloc           18%        N/A       10%         1
 Summon Guardian Golem    Hex/Summ       17%        N/A       13%         3
 Animate Skeleton         Necr           8%         N/A       19%         1
 Corona                   Hex            4%         N/A       19%         1
 Summon Lightning Spire   Summ/Air       17%        N/A       38%         4
 Eringya's Noxious Bog    Tmut/Pois      2%         N/A       100%        6
 Summon Hydra             Summ           15%        N/A       100%        7


Dungeon Overview and Level Annotations

Branches:
Dungeon (5/15)            Ossuary (visited)
 Temple: D:4-7

Altars:
Gozag

Annotations:
D:3 Grinder
D:4 1 runed translucent door, Crazy Yiuf, Edmund, Natasha
D:5 Pikel


Innate Abilities, Weirdness & Mutations

You are amphibious.
You cover ground slowly.
You can hop short distances.
You have an extended range of vision and can be seen from far away.


Message History

Pikel closely misses your quokka.
Your quokka closely misses Pikel.
Pikel hits your quokka with a +0 whip of freezing.
Pikel freezes your quokka.
Your quokka dies!
Your quokka's corpse disappears in a puff of smoke!
Pikel zaps a wand.
The mass of ice explodes!
The iceblast engulfs you!
Pikel zaps a wand.
The mass of ice explodes!
The iceblast engulfs your bat!
Your bat dies!
Your bat's corpse disappears in a puff of smoke!
Pikel hits your quokka with a +0 whip of freezing!
Pikel freezes your quokka.
Your quokka dies!
Your quokka's corpse disappears in a puff of smoke!
Pikel is no longer unusually resistant.
Pikel waves his whip at you.
Your quokka barely misses Pikel.
Your quokka bites Pikel but does no damage.
Pikel hits your quokka with a +0 whip of freezing.
Pikel freezes your quokka.
Your quokka dies!
Your quokka's corpse disappears in a puff of smoke!
Pikel barely misses your quokka.
Pikel hits your quokka with a +0 whip of freezing!
Pikel freezes your quokka.
Your quokka dies!
Your quokka's corpse disappears in a puff of smoke!
Pikel zaps a wand.
The mass of ice explodes!
The iceblast engulfs you!
Pikel zaps a wand.
The mass of ice explodes!
The iceblast engulfs you!
* * * LOW HITPOINT WARNING * * *
Hop to where?
Press: ? - help, Dir - move target Boing!
You feel much better.
Pikel zaps a wand.
The mass of ice explodes!
The iceblast engulfs you.
Pikel cracks his whip.
Pikel zaps a wand.
The mass of ice explodes!
The iceblast engulfs you!
Pikel says, "Hell isn't that bad."
Pikel zaps a wand.
The mass of ice explodes!
The iceblast engulfs you!!
You die...

##############
#################################
#...............@.....K55.....5..
#.############################...
#.# #........<##...
#.#################.###########..
#.............h.h...# #..
#.################### ### ###


You could see Pikel and 2 lemures.

Vanquished Creatures
  Natasha (D:4)
  An adder (D:2)
  A kobold (D:1)
3 creatures vanquished.

Vanquished Creatures (collateral kills)
  A centaur (D:4)
  An ogre (D:4)
  A lemure (D:5)
  3 elf zombies (Ossuary)
  A wyvern zombie (D:5)
  A hound (D:4)
  2 mummies (Ossuary)
  A howler monkey zombie (D:5)
  4 gnolls (D:4)
  5 adders
  2 adder zombies (Ossuary)
  A worm (D:2)
  A dart slug (D:4)
  6 orcs
  8 ball pythons
  5 bats (D:2)
  4 endoplasms
  2 giant cockroaches (D:2)
  4 hobgoblins
  4 kobolds
  A frilled lizard (D:2)
  5 goblins
  A goblin zombie (Ossuary)
  14 hobgoblin zombies (Ossuary)
  3 jackal zombies (Ossuary)
  10 kobold zombies (Ossuary)
  3 orc zombies (Ossuary)
  3 rats
  A rat zombie (Ossuary)
98 creatures vanquished.

Grand Total: 101 creatures vanquished

Notes
Turn   | Place    | Note
-------+----------+-------------------------------------------
     0 | D:1      | H0rd4k the Barachi Summoner began the quest for the Orb.
     0 | D:1      | Reached XP level 1. HP: 13/13 MP: 3/3
   208 | D:1      | Reached skill level 5 in Summonings
   597 | D:1      | You fall into a shaft and drop 1 floor!
   778 | D:3      | Reached XP level 2. HP: 3/19 MP: 1/5
  1505 | D:2      | Reached XP level 3. HP: 25/25 MP: 1/6
  1562 | D:2      | Learned a level 3 spell: Call Canine Familiar
  1601 | D:2      | Found an opulent altar of Gozag.
  1964 | D:2      | Found a faded altar of an unknown god.
  2438 | D:3      | Noticed Grinder
  2451 | D:3      | Paralysed by Grinder for 3 turns
  2468 | D:3      | Paralysed by Grinder for 3 turns
  3462 | D:4      | Noticed a centaur
  3608 | D:4      | Noticed Edmund
  3719 | D:4      | Reached skill level 6 in Summonings
  3719 | D:4      | Reached XP level 4. HP: 20/31 MP: 1/8
  3727 | D:4      | Killed a centaur
  4008 | D:4      | Reached XP level 5. HP: 36/36 MP: 7/10
  4301 | D:4      | Found a runed translucent door.
  4302 | D:4      | Noticed Crazy Yiuf
  4360 | D:4      | Noticed Natasha
  4416 | D:4      | Killed Natasha
  4521 | D:4      | Noticed an ogre
  4527 | D:4      | Killed an ogre
  4634 | D:4      | Noticed Natasha
  4652 | D:5      | Entered Level 5 of the Dungeon
  4715 | D:5      | Found a sand-covered staircase.
  4726 | Ossuary  | Entered an ossuary
  4736 | Ossuary  | Learned a level 5 spell: Summon Forest
  4878 | Ossuary  | Reached skill level 7 in Summonings
  4996 | Ossuary  | Reached XP level 6. HP: 42/42 MP: 9/12
  5415 | D:5      | Reached skill level 1 in Translocations
  5481 | D:5      | Noticed Pikel
  5532 | D:5      | HP: 2/42 [Pikel/iceblast (14)]
  5549 | D:5      | Killed from afar by Pikel

Illustrated notes

Levels and vault maps discovered:
D:1:      amcnicky_arrival_double_pillar, layout_rooms,
          minmay_misc_feat_four_crosses, hangedman_glass_teeth
D:2:      layout_loops_ring, basic_altar, shapermc_ecumenical_altar_venn,
          solitary_fountain
D:3:      layout_basic, uniq_grinder
D:4:      layout_rooms, uniq_edmund, uniq_natasha, uniq_crazy_yiuf_cottage
D:5:      layout_basic, enter_ossuary_1, serial_shops,
          nicolae_shop_behind_doors, uniq_pikel

Skill      XL: |  1  2  3  4  5  6 |
---------------+-------------------+-----
Summonings     | 5 6 7 |  7.3
Spellcasting   | 3 4 |  4.7
Translocations | 1 |  1.5
Fighting       | |  0.6
Dodging        | |  2.3
Stealth        | |  1.7

Action                   |  1- 3 |  4- 6 || total
-------------------------+-------+-------++-------
Melee: Unarmed           |    18 |       ||    18
 Cast: Summon Small Mamm |   121 |    62 ||   183
       Call Canine Famil |     5 |    27 ||    32
 Abil: Hop               |     1 |     3 ||     4
Evoke: Wand              |       |     2 ||     2
  Use: Potion            |       |     2 ||     2
       Scroll            |       |     5 ||     5
Armor: Robe              |    34 |       ||    34
       Leather armour    |     3 |    10 ||    13
Dodge: Dodged            |    84 |    24 ||   108
